 Dungeon Sprint DCSS version 0.30-a0-799-g109b55a442 (webtiles) character file.

Game seed: 2969515242154786187

8339 BigDaddyOpFi the Warrior (level 11, -10/122 HPs)
             Began as a Minotaur Berserker on Feb 20, 2023.
             Was the Champion of Trog.
             Mangled by a sun demon (18 damage)
             ... summoned by an orc high priest
             ... in the Dungeon (Sprint III: "The Ten Rune Challenge").
             The game lasted 00:06:18 (2909 turns).

BigDaddyOpFi the Warrior (Minotaur Berserker)       Turns: 2909, Time: 00:06:19

Health: -10/122    AC: 13    Str: 25    XL:     11   Next: 8%
Magic:  10/10      EV: 17    Int:  2    God:    Trog [******]
Gold:   1300       SH:  0    Dex: 17    Spells: 10/10 levels left

rFire   . . .      SeeInvis .    q - +2 executioner's axe (flame)
rCold   . . .      Faith    .    (shield currently unavailable)
rNeg    . . .      Spirit   .    r - +0 chain mail
rPois   .          Reflect  .    (helmet restricted)
rElec   .          Harm     .    (no cloak)
rCorr   .          Rampage  .    (no gloves)
Will    .....      NoTele   +    (no boots) Stlth
                                 (no amulet)
HPRegen 0.40/turn                (no ring)
MPRegen 0.12/turn                (no ring)

@: slowed, very slow
A: horns 2, retaliatory headbutt, agile 2, wild magic 1, noise suppression
a: Renounce Religion, Berserk, Trog's Hand, Brothers in Arms


You were in the Dungeon.
You worshipped Trog.
Trog was exalted by your worship.
You visited 1 branch You collected 1927 gold pieces.
You spent 627 gold pieces at shops.

Inventory:

Hand Weapons
 a - a +0 hand axe
 d - a +0 trident
 p - a +1 heavy great sword
 q - a +2 executioner's axe of flaming (weapon)
Armour
 r - a +0 chain mail (worn)
Scrolls
 j - a scroll of immolation {unknown}
 k - 2 scrolls of identify
 n - a scroll of enchant weapon {unknown}
Potions
 e - a potion of haste
 f - 2 potions of magic
 g - a potion of berserk rage
 i - 2 potions of mutation
 l - a potion of ambrosia {unknown}
 o - 2 potions of flight
Miscellaneous
 m - a phantom mirror


   Skills:
 + Level 19.0 Fighting
 - Level 7.2 Long Blades
 + Level 15.0 Axes
 + Level 16.3 Armour
 + Level 15.0 Dodging


You had 10 spell levels left.
You didn't know any spells.
Your spell library was empty.

Dungeon Overview and Level Annotations

Branches:
Dungeon (1/1)

Altars:
Cheibriados
Dithmenos
Elyvilon
Fedhas
Gozag
Hepliaklqana
Kikubaaqudgha
Makhleb
Nemelex Xobeh
Okawaru
Qazlal
Ru
Sif Muna
Trog
Uskayaw
Vehumet
Wu Jian
Xom
Yredelemnul
Zin
The Shining One
Jiyva
Lugonu

Shops:
D *


Innate Abilities, Weirdness & Mutations

You have a pair of horns on your head.
You reflexively headbutt those who attack you in melee.
You are very agile. (Dex +8, Str/Int -2)
Your spells are a little harder to cast, but a little more powerful.
You passively dampen the noise of your surroundings.


Message History

The orc high priest calls down the wrath of Beogh upon you.
Beogh smites you!
* * * LOW HITPOINT WARNING * * *
You feel better. The orc high priest barely misses you.
The orc high priest misses you.
You feel better.
The orc high priest completely misses you.
The orc high priest hits you but does no damage.
The chaos spawn splatters into many small globs of multi-coloured light, then recombines.
The orc high priest barely misses you.
There is an open door here.
The orc high priest attacks as you move away!
The orc high priest closely misses you. The orc high priest misses you.
The orc high priest shouts, "You must be punished!"
The orc high priest utters an invocation to Beogh.
Okay, then.
Your iron troll goes berserk!
What are your orders? t - Shout!
Orders for allies: a - Attack new target. r - Retreat! s - Stop attacking. g - Guard the area. f - Follow me.
Anything else - Cancel.
Gang up on whom?
Press: ? - help, Dir - move target, f - orc high priest
Aim: an orc high priest, wielding a +0 halberd and wearing a +0 leather armour (heavily wounded, very poisoned) Attack!
The ice devil disappears in a puff of smoke!
Your iron troll completely misses the sun demon.
Your iron troll claws the sun demon! x2; The sun demon hits you!
* * * LOW HITPOINT WARNING * * *
You are engulfed in flames!
* * * LOW HITPOINT WARNING * * *
You feel better.
The orc high priest hits you from afar with a +0 halberd.
* * * LOW HITPOINT WARNING * * *
The sun demon hits you!
* * * LOW HITPOINT WARNING * * *
You are engulfed in flames!!
You die...

≈≈≈≈≈≈≈≈≈≈≈♣♣P.'....^..#
♣♣♣♣♣♣♣♣♣♣♣♣♣P.#)......#
♣♣♣##)########
#...).§≈§≈# #...#)≈§≈≈#
#...#)#≈§≈# #####.#c§≈≈#
#.....# #≈≈≈≈ #@....#
c§≈≈ #3T...# #≈§ #o....#
☼#c§ #'#####4§§#
#.3.44'..☼+ #.#########
#.# #.# #.#


You could see an orc high priest (very poisoned), a sun demon (summoned, ally
target), a neqoxec (summoned) and a friendly iron troll (summoned, berserk).

Vanquished Creatures
  Dowan (D)
  Erolcha (D)
  2 deep elf knights (D)
  3 deep elf pyromancers (D)
  A deep elf zephyrmancer (D)
  Duvessa (D)
  2 orc high priests (D)
  A shadow (D)
  2 redbacks (D)
  A spatial vortex (D)
  An orc warrior (D)
  5 two-headed ogres (D)
  3 wandering mushrooms (D)
  A water elemental (D)
  A necrophage (D)
  An orc priest (D)
  A jelly (D)
  A necromancer (D)
  3 orc wizards (D)
  A wizard (D)
  3 humans (D)
  A kobold demonologist (D)
  A wolf (D)
  4 orcs (D)
  4 rats (D)
46 creatures vanquished.

Vanquished Creatures (collateral kills)
  2 orc sorcerers (D)
  An orc priest (D)
  An orc wizard (D)
  5 orcs (D)
9 creatures vanquished.

Vanquished Creatures (others)
  An orc (D)
  8 plants (D)
9 creatures vanquished.

Grand Total: 64 creatures vanquished

Notes
Turn   | Place    | Note
-------+----------+-------------------------------------------
     0 | D        | BigDaddyOpFi the Minotaur Berserker began the quest for the
                  | Orb.
     0 | D        | Reached XP level 1. HP: 19/19 MP: 0/0
    15 | D        | Reached ** piety under Trog
    19 | D        | Reached skill level 4 in Fighting
    98 | D        | Reached XP level 2. HP: 28/28 MP: 1/1
   358 | D        | Reached skill level 5 in Fighting
   358 | D        | Reached skill level 5 in Axes
   358 | D        | Reached XP level 3. HP: 24/36 MP: 2/2
   375 | D        | Gained mutation: You passively dampen the noise of your
                  | surroundings. [potion of mutation]
   375 | D        | Gained mutation: You have hidden genetic potential. [potion
                  | of mutation]
   375 | D        | Gained mutation: Your spells are a little harder to cast,
                  | but a little more powerful. [potion of mutation]
   612 | D        | Noticed a water elemental
   616 | D        | Killed a water elemental
   616 | D        | Reached *** piety under Trog
   617 | D        | Reached skill level 6 in Fighting
   617 | D        | Reached skill level 5 in Armour
   617 | D        | Reached skill level 5 in Dodging
   617 | D        | Reached XP level 4. HP: 45/45 MP: 3/3
   625 | D        | Gained mutation: You are agile. (Dex +4, Str/Int -1)
                  | [hidden potential]
   661 | D        | Found a radiant altar of Vehumet.
   661 | D        | Found a shimmering blue altar of Sif Muna.
   661 | D        | Found an ancient bone altar of Kikubaaqudgha.
   661 | D        | Noticed a wizard
   666 | D        | Killed a wizard
   819 | D        | Found a glowing silver altar of Zin.
   819 | D        | Found a glowing golden altar of the Shining One.
   819 | D        | Found a white marble altar of Elyvilon.
   820 | D        | Noticed a deep elf pyromancer
   827 | D        | Killed a deep elf pyromancer
   827 | D        | Reached **** piety under Trog
   828 | D        | Reached skill level 10 in Fighting
   828 | D        | Reached skill level 10 in Axes
   828 | D        | Reached XP level 5. HP: 58/58 MP: 4/4
   828 | D        | Reached XP level 6. HP: 66/66 MP: 5/5
   828 | D        | Reached XP level 7. HP: 72/72 MP: 6/6
   847 | D        | Gained mutation: You are very agile. (Dex +8, Str/Int -2)
                  | [hidden potential]
   847 | D        | Lost mutation: You have hidden genetic potential. [hidden
                  | potential expressed]
   995 | D        | Found a hide-covered altar of Uskayaw.
   995 | D        | Found an iron altar of Okawaru.
   995 | D        | Found a bloodstained altar of Trog.
   995 | D        | Found an ornate altar of the Wu Jian Council.
   995 | D        | Noticed a human
   996 | D        | Noticed a human
   999 | D        | Killed a human
  1000 | D        | Reached skill level 10 in Armour
  1006 | D        | Killed a human
  1056 | D        | Noticed a shadow
  1060 | D        | Killed a shadow
  1061 | D        | Reached skill level 11 in Fighting
  1061 | D        | Reached XP level 8. HP: 82/82 MP: 7/7
  1061 | D        | Reached ***** piety under Trog
  1062 | D        | Reached skill level 10 in Dodging
  1308 | D        | Found a basalt altar of Yredelemnul.
  1308 | D        | Found a shadowy altar of Dithmenos.
  1308 | D        | Found a sacrificial altar of Ru.
  1357 | D        | Found a blossoming altar of Fedhas.
  1357 | D        | Found a stormy altar of Qazlal.
  1357 | D        | Found a snail-covered altar of Cheibriados.
  1357 | D        | Found a burning altar of Makhleb.
  1357 | D        | Found a shimmering altar of Xom.
  1359 | D        | Found a hazy altar of Hepliaklqana.
  1359 | D        | Found an opulent altar of Gozag.
  1359 | D        | Found a sparkling altar of Nemelex Xobeh.
  1359 | D        | Found a corrupted altar of Lugonu.
  1359 | D        | Found a viscous altar of Jiyva.
  1517 | D        | Found Xostrathe's General Store.
  1535 | D        | Received a gift from Trog
  1536 | D        | Reached skill level 12 in Fighting
  1706 | D        | Noticed an orc sorcerer
  1715 | D        | Killed an orc sorcerer
  1716 | D        | Reached XP level 9. HP: 33/92 MP: 8/8
  1727 | D        | Noticed an orc sorcerer
  1730 | D        | Killed an orc sorcerer
  1730 | D        | Received a gift from Trog
  1731 | D        | Reached skill level 13 in Fighting
  1964 | D        | Bought a scroll of acquirement for 572 gold pieces
  1964 | D        | Acquired a manual of Fighting
  1978 | D        | Noticed a deep elf knight
  1978 | D        | Noticed a deep elf pyromancer
  1978 | D        | Noticed a deep elf zephyrmancer
  1978 | D        | Noticed a deep elf pyromancer
  1978 | D        | Noticed a deep elf knight
  1995 | D        | Killed a deep elf pyromancer
  1995 | D        | Reached ****** piety under Trog
  1996 | D        | Reached skill level 14 in Fighting
  2002 | D        | Killed a deep elf knight
  2002 | D        | Received a gift from Trog
  2005 | D        | Killed a deep elf knight
  2006 | D        | Reached skill level 15 in Fighting
  2006 | D        | Reached skill level 5 in Long Blades
  2006 | D        | Reached XP level 10. HP: 37/106 MP: 9/9
  2007 | D        | Killed a deep elf pyromancer
  2008 | D        | Reached skill level 16 in Fighting
  2032 | D        | Noticed a deep elf annihilator
  2035 | D        | Noticed a deep elf pyromancer
  2038 | D        | Killed a deep elf zephyrmancer
  2334 | D        | Bought a potion of heal wounds for 55 gold pieces
  2353 | D        | Noticed Erolcha
  2356 | D        | Killed Erolcha
  2356 | D        | Received a gift from Trog
  2357 | D        | Reached skill level 17 in Fighting
  2357 | D        | Reached skill level 15 in Armour
  2363 | D        | Received a gift from Trog
  2584 | D        | Noticed Dowan
  2584 | D        | Noticed Duvessa
  2592 | D        | Killed Dowan
  2592 | D        | Killed Duvessa
  2593 | D        | Reached skill level 18 in Fighting
  2665 | D        | Reached XP level 11. HP: 83/121 MP: 10/10
  2849 | D        | Noticed a sixfirhy
  2876 | D        | Received a gift from Trog
  2877 | D        | Reached skill level 15 in Dodging
  2889 | D        | Noticed a sun demon
  2895 | D        | Reached skill level 19 in Fighting
  2895 | D        | Reached skill level 15 in Axes
  2909 | D        | Mangled by a sun demon

Illustrated notes

Levels and vault maps discovered:
D:        dungeon_sprint_mu [sprint_mu_entry_forest, sprint_mu_temple_rooms,
          sprint_mu_d1_spiders, sprint_mu_d2_genie, sprint_mu_d3_branching,
          sprint_mu_orc_legion, sprint_mu_elf_gauntlet, sprint_mu_hive_nellie,
          sprint_mu_lair_fedhas, sprint_mu_vaults_butterflies,
          sprint_mu_slime_circle, sprint_mu_shoals_kraken,
          sprint_mu_snake_twists, sprint_mu_blade_basic,
          sprint_mu_crypt_chambers, sprint_mu_tomb_spiral,
          sprint_mu_vestibule_basic, sprint_mu_gehenna_hellfire,
          sprint_mu_dis_giant, sprint_mu_tartarus_statrot,
          sprint_mu_cocytus_islands, sprint_mu_zot1]

Skill      XL: |  1  2  3  4  5  6  7  8  9 10 11 |
---------------+----------------------------------+-----
Fighting       | 4 5 6 10 11 12 15 18 19 | 19.0
Axes           | 4 5 6 10 11 12 13 14 15 | 15.0
Armour         | 4 5 9 10 12 14 16 | 16.3
Dodging        | 3 4 5 8 9 11 13 14 15 | 15.0
Long Blades    | 5 7 |  7.2

Action                     |  1- 3 |  4- 6 |  7- 9 | 10-12 || total
---------------------------+-------+-------+-------+-------++-------
  Melee: Hand axe          |    12 |    14 |    39 |       ||    65
         Headbutt          |     2 |     1 |     9 |    13 ||    25
         Great sword       |       |       |    22 |     2 ||    24
         Punch             |       |       |     1 |       ||     1
         Executioner's axe |       |       |       |    42 ||    42
 Invoke: Berserk           |     2 |     2 |     7 |     2 ||    13
         Brothers in Arms  |       |       |     1 |     1 ||     2
    Use: Potion            |     1 |       |     1 |     5 ||     7
         Scroll            |     1 |       |     1 |     1 ||     3
 Armour: Animal skin       |     2 |     1 |     6 |       ||     9
         Chain mail        |       |       |       |     6 ||     6
  Dodge: Dodged            |     8 |     6 |    48 |    54 ||   116

Table legend: (Time is in decaauts)
 A = Elapsed time spent in this place.
 B = Non-inter-level travel time spent in this place.
 C = Inter-level travel time spent in this place.
 D = Time resting spent in this place.
 E = Time spent auto-exploring this place.
 F = Levels seen in this place.
 G = Mean time per level.
                   A        B        C        D        E       F      G
               +--------+--------+--------+--------+--------+-----+--------+
         Total |   3069 |   3069 |      0 |   2393 |      0 |   1 | 3069.0 |
       Dungeon |   3069 |   3069 |      0 |   2393 |      0 |   1 | 3069.0 |
               +--------+--------+--------+--------+--------+-----+--------+

Top non-repeatable levels by time:
       D: 3069 daAuts
